 Dungeon Crawl Stone Soup version 0.31-a0-1019-g3dd9dd1025 (webtiles) character file.

Game seed: 18167652186236475827

275 Avanven the Slasher (level 6, -1/48 HPs)
             Began as a Human Berserker on Nov 17, 2023.
             Was a Believer of Trog.
             Slain by a goblin
             ... wielding a +0 club
              (3 damage)
             ... on level 3 of the Dungeon.
             The game lasted 00:04:29 (2155 turns).

Avanven the Slasher (Human Berserker)               Turns: 2155, Time: 00:04:30

Health: -1/48      AC:  6    Str: 19    XL:     6   Next: 50%
Magic:  6/6        EV: 11    Int:  8    God:    Trog [**....]
Gold:   157        SH:  0    Dex:  9    Spells: 5/5 levels left

rFire   . . .        a - +0 falchion
rCold   . . .        (no shield)
rNeg    . . .        j - +3 leather armour of Aqarch {Harm Rampage Dex-3 Slay+2}
rPois   .            (no helmet)
rElec   .            (no cloak)
rCorr   .            (no gloves)
SInv    .            (no boots)
Will    .....        (no amulet)
Stlth   +            (no ring)
HPRegen 0.28/turn    (no ring)
MPRegen 0.10/turn

%: harm (+30% outgoing, +20% incoming), rampage
@: on berserk cooldown, slowed, very slow
A: no striking features
a: Renounce Religion, Berserk, Trog's Hand


You were on level 3 of the Dungeon.
You worshipped Trog.
Trog was pleased with you.
You visited 1 branch of the dungeon, and saw 3 of its levels.

You collected 179 gold pieces.
You spent 22 gold pieces at shops.

Inventory:

Hand Weapons
 a - a +0 falchion (weapon)
Armour
 b - a +0 animal skin
 j - the +3 leather armour of Aqarch (worn) {Harm Rampage Dex-3 Slay+2}
   (You found it on level 2 of the Dungeon)

   Dex-3:     It affects your dexterity (-3).
   Slay+2:    It affects your accuracy & damage with ranged weapons and melee
   (+2).
   Harm:      It increases damage dealt and taken.
   Rampage:   It bestows one free step when moving towards enemies.
 k - a +0 cloak
Jewellery
 f - a +6 ring of dexterity
 l - a +4 ring of protection
 n - an amulet of magic regeneration
Scrolls
 c - a scroll of enchant armour {unknown}
 d - a scroll of revelation {unknown}
 g - a scroll of enchant weapon {unknown}
 i - 2 scrolls of teleportation {unknown}
 o - a scroll of brand weapon {unknown}
Potions
 e - a potion of lignification
 h - a potion of heal wounds {unknown}
 m - a potion of curing {unknown}


   Skills:
 + Level 4.2 Fighting
 * Level 5.2 Long Blades
 + Level 3.5 Armour
 - Level 2.0 Dodging


You had 5 spell levels left.
You didn't know any spells.
Your spell library was empty.

Dungeon Overview and Level Annotations

Branches:
Dungeon (3/15)

Altars:

Shops:
D:1 ?

Annotations:
D:3 1 runed translucent door


Message History

The gnoll is no longer moving quickly.
The goblin hits you but does no damage. The gnoll closely misses you.
The goblin hits you with a +0 club.
* * * LOW HITPOINT WARNING * * *
The gnoll hits you from afar with a +0 spear.
* * * LOW HITPOINT WARNING * * *
Your skin crawls.
You feel strong-willed. The goblin misses you.
The gnoll bouda barks out a call to the hunt!
The gnoll picks up the pace!
The gnoll hits you from afar with a +0 spear.
* * * LOW HITPOINT WARNING * * *
The goblin closely misses you.
You feel the effects of Trog's Hand fading.
The gnoll is no longer moving quickly.
The gnoll bouda barks out a call to the hunt!
The gnoll picks up the pace!
The goblin attacks as it pursues you! The goblin closely misses you.
The gnoll attacks as it pursues you!
The gnoll hits you from afar with a +0 spear.
* * * LOW HITPOINT WARNING * * *
The gnoll bouda calls upon its god to heal the gnoll.
The gnoll's wounds heal themselves!
The gnoll hits you from afar with a +0 spear.
* * * LOW HITPOINT WARNING * * *
The goblin hits you but does no damage. The gnoll barely misses you.
The goblin attacks as it pursues you! The goblin hits you but does no damage.
The gnoll attacks as it pursues you! The gnoll misses you.
The goblin barely misses you.
Your skin stops crawling.
You feel less strong-willed. The goblin hits you with a +0 club.
* * * LOW HITPOINT WARNING * * *
The goblin attacks as it pursues you! The goblin barely misses you.
The gnoll hits you from afar with a +0 spear.
* * * LOW HITPOINT WARNING * * *
The goblin hits you with a +0 club.
* * * LOW HITPOINT WARNING * * *
The goblin hits you with a +0 club.
You die...

........##†##g.......
###..##..†.J)g.......
........g.S####...#'#
###..##J#.## #.#.#.#
#..##S#.# #.#....
#..##.### #.###.#
#..##.##### #.# .#
#<.gg.....# #.# #
#.@##.##### .#
#.###.# #.# #.# ###
#.# #.# #.# .#


You could see a gnoll (swift) and a goblin.

Vanquished Creatures
  The ghost of Gynju the Trooper, an amateur GrFi (D:3)
  A bullfrog (D:3)
  3 gnolls (D:3)
  3 adders
  A river rat (D:3)
  A worm (D:2)
  2 dart slugs (D:2)
  6 bats
  7 endoplasms
  4 giant cockroaches
  6 goblins
  6 hobgoblins
  4 jackals (D:2)
  3 quokkas
  8 ball pythons
  5 frilled lizards
  3 kobolds (D:1)
64 creatures vanquished.

Notes
Turn   | Place    | Note
-------+----------+-------------------------------------------
     0 | D:1      | Avanven the Human Berserker began the quest for the Orb.
     0 | D:1      | Reached XP level 1. HP: 18/18 MP: 1/1
   113 | D:1      | Reached XP level 2. HP: 15/24 MP: 2/2
   220 | D:1      | Found Piorair's Magic Scroll Boutique.
   228 | D:1      | Bought a scroll of identify for 22 gold pieces
   240 | D:1      | Found a faded altar of an unknown god.
   518 | D:1      | Reached XP level 3. HP: 27/29 MP: 3/3
  1137 | D:2      | Reached ** piety under Trog
  1138 | D:2      | Reached XP level 4. HP: 24/35 MP: 4/4
  1216 | D:2      | Identified the +3 leather armour of Aqarch {Harm Rampage
                  | Dex-3 Slay+2}
  1506 | D:2      | Reached skill level 4 in Long Blades
  2025 | D:3      | Found a runed translucent door.
  2025 | D:3      | Noticed a bullfrog
  2028 | D:3      | Noticed Gynju's ghost (amateur GrFi)
  2049 | D:3      | Killed a bullfrog
  2050 | D:3      | Reached XP level 5. HP: 42/42 MP: 5/5
  2063 | D:3      | Killed Gynju's ghost
  2064 | D:3      | Reached skill level 5 in Long Blades
  2064 | D:3      | Reached XP level 6. HP: 48/48 MP: 6/6
  2074 | D:3      | Found a runed translucent door.
  2153 | D:3      | HP: 1/48 [goblin/+0 club (3)]
  2155 | D:3      | Slain by a goblin

Illustrated notes

Levels and vault maps discovered:
D:1:      wander_arrival_chamber, layout_loops_ring,
          hellmonk_ecumenical_altar_crossroads, serial_shops,
          nicolae_shop_hallway_stairs
D:2:      layout_basic, chequers_serial_rivers_large_a
D:3:      minmay_razor_zed, layout_basic, fedhas_altar_1, ebering_ghost_sewer_f

Skill      XL: |  1  2  3  4  5 |
---------------+----------------+-----
Long Blades    | 4 5 |  5.2
Armour         | 3 |  3.5
Fighting       | 4 |  4.2
Dodging        | |  2.0

Action                     |  1- 3 |  4- 6 || total
---------------------------+-------+-------++-------
  Melee: Falchion          |   109 |   127 ||   236
         Punch             |       |     3 ||     3
 Invoke: Berserk           |     1 |     3 ||     4
         Trog's Hand       |       |     1 ||     1
    Use: Scroll            |     1 |       ||     1
   Stab: Sleeping          |     3 |       ||     3
 Armour: Animal skin       |    69 |     3 ||    72
         Leather armour    |       |    86 ||    86
  Dodge: Dodged            |    84 |    74 ||   158

Table legend: (Time is in decaauts)
 A = Elapsed time spent in this place.
 B = Non-inter-level travel time spent in this place.
 C = Inter-level travel time spent in this place.
 D = Time resting spent in this place.
 E = Time spent auto-exploring this place.
 F = Levels seen in this place.
 G = Mean time per level.
                   A        B        C        D        E       F      G
               +--------+--------+--------+--------+--------+-----+--------+
         Total |   2210 |   2149 |     61 |    276 |   1324 |   3 |  736.7 |
       Dungeon |   2210 |   2149 |     61 |    276 |   1324 |   3 |  736.7 |
               +--------+--------+--------+--------+--------+-----+--------+

Top non-repeatable levels by time:
     D:2: 1080 daAuts
     D:1: 976 daAuts
     D:3: 153 daAuts
